 Dungeon Crawl Stone Soup version 0.18-a0-837-gd08d4d7 (webtiles) character file.

51 Chiseanne the Vexing (level 3, -1/27 HPs)
             Began as a Mummy Wanderer on Dec 18, 2015.
             Slain by a goblin (2 damage)
             ... led by Robin
             ... on level 2 of the Dungeon.
             The game lasted 00:04:49 (1564 turns).

Chiseanne the Vexing (Mummy Wanderer)               Turns: 1564, Time: 00:04:50

Health: -1/27      AC:  6    Str: 14    XL:     3   Next: 57%
Magic:  6/6        EV:  8    Int: 10    God:
Gold:   54         SH:  3    Dex: 14    Spells: 1 memorised, 5 levels left

rFire  x . .     SeeInvis .     w - +0 blowgun
rCold  + . .     Gourm    .     d - +0 scale mail (curse)
rNeg   + + +     Faith    .     i - +0 buckler
rPois  ∞         Spirit   .     (no helmet)
rElec  .         Dismiss  .     (no cloak)
rCorr  .         Reflect  .     (no gloves)
SustAt .         Harm     .     (no boots)
MR     .....                    (no amulet)
Stlth  ..........               (no ring)
                                (no ring)

@: not resistant to hostile enchantments, extremely unstealthy
A: no food or potions, fire vulnerability, cold resistance 1, negative energy
resistance 3, torment resistance, unbreathing
a: no special abilities


You were on level 2 of the Dungeon.
You were not hungry.

You visited 1 branch of the dungeon, and saw 2 of its levels.

You collected 54 gold pieces.

Inventory:

Hand Weapons
 a - a +2 dagger of venom
 w - a +0 blowgun (weapon)
Missiles
 c - 14 poisoned needles (quivered)
 e - 2 curare-tipped needles
 h - 28 arrows
 l - 7 sling bullets
Armour
 d - a cursed +0 scale mail (worn)
 i - a +0 buckler (worn)
 j - a cursed +0 chain mail
Jewellery
 f - an uncursed ring of fire {unknown}
 k - an uncursed ring of positive energy {unknown}
Books
 b - the Almanac of Transmigration

   Spells                             Type                      Level
   a - Beastly Appendage              Transmutation                1
   b - Ignite Poison                  Fire/Transmutation/Poison    3
 g - a book of Maledictions

   Spells                             Type                      Level
   a - Corona                         Hexes                        1
   b - Ensorcelled Hibernation        Hexes/Ice                    2
   c - Confuse                        Hexes                        3
   d - Tukima's Dance                 Hexes                        3
   e - Dazzling Spray                 Conjuration/Hexes            3


   Skills:
 * Level 1.7 Fighting
 - Level 1.5 Throwing
 * Level 2.0 Armour
 - Level 1.0 Dodging
 * Level 0.1 Shields
 * Level 2.1 Spellcasting
 * Level 3.1 Hexes


You had 5 spell levels left.
You knew the following spells:

 Your Spells              Type           Power        Failure   Level  Hunger
a - Corona                Hex            #......      67%         1    N/A

Dungeon Overview and Level Annotations

Branches:
Dungeon (2/15)

Altars:
Vehumet

Annotations:
D:2 Robin


Innate Abilities, Weirdness & Mutations

You do not eat or drink.
Your flesh is vulnerable to fire.
You are immune to poison.
Your flesh is cold resistant.
You are immune to negative energy.
You are immune to unholy pain and torment.
You can survive without breathing.


Message History

You hit the goblin.
You kill the goblin!
The goblin shoots a stone.
The stone hits you but does no damage. Robin throws the goblin at you!
The goblin hits you but does no damage. The goblin hits you but does no damage.
You barely miss the goblin.
Robin hits you from afar with a spear of flaming.
* * * LOW HITPOINT WARNING * * *
Robin burns you.
* * * LOW HITPOINT WARNING * * *
The goblin closely misses you. The goblin barely misses you.
A goblin comes into view.
You aren't carrying any items that can be evoked.
Unknown command.
Wield which item (- for none, * to show all)? (? for menu, Esc to quit)
Your +2 dagger of venom stops dripping with poison.
w - a +0 blowgun (weapon)
Robin barely misses you. The goblin hits you but does no damage.
The goblin hits you.
You die...

...$.
#......#######.#
......#......#
#.####
......#.(....#
#.....
.._.....######
###### ......#(#
..... #.# ....
#g#
##g####(########
....gggg@g......
g..###g#########
.g. ####


You could see Robin, a hobgoblin (frenzied) and 7 goblins.

Vanquished Creatures
  An adder (D:2)
  3 hobgoblins (D:1)
  3 jackals (D:1)
  6 kobolds
  A ball python (D:1)
  2 bats (D:1)
  5 giant cockroaches (D:1)
  4 giant geckos (D:1)
  A giant newt (D:1)
  7 goblins
  6 rats (D:1)
39 creatures vanquished.

Notes
Turn   | Place    | Note
--------------------------------------------------------------
     0 | D:1      | Chiseanne the Mummy Wanderer began the quest for the Orb.
     0 | D:1      | Chiseanne set off with: a book of Maledictions, the Almanac of Transmigration, 14 poisoned needles, a +0 blowgun, a +0 robe
     0 | D:1      | Reached XP level 1. HP: 15/15 MP: 3/3
     1 | D:1      | Identified the Almanac of Transmigration
     3 | D:1      | Learned a level 1 spell: Corona
   487 | D:1      | Reached XP level 2. HP: 16/21 MP: 5/5
   833 | D:1      | Reached skill level 1 in Dodging
  1095 | D:1      | Reached XP level 3. HP: 26/26 MP: 6/6
  1211 | D:1      | Reached skill level 3 in Hexes
  1541 | D:2      | Found a radiant altar of Vehumet.
  1543 | D:2      | Noticed Robin
  1563 | D:2      | HP: 1/27 [Robin/spear of flaming (1)]
  1564 | D:2      | Slain by a goblin

Vault maps used:
D:1:      elethiomel_arrival_fortress_basement
D:2:      lemuel_crystal_altar, old_standard_altar, ecumenical_altar_2,
          uniq_robin

Action                   || total
-------------------------++-------
Melee: Club              ||    89
       Dagger            ||    48
 Fire: Blowgun           ||    19
  Use: Scroll            ||     4
 Stab: Sleeping          ||     2
